 Dungeon Crawl Stone Soup version 0.28-a0-1389-gc726bef33b (webtiles) character file.

Game seed: 16242047526177609651

18 GainsdalftheGwei the Ducker (level 2, -6/22 HPs)
             Began as a Demonspawn Gladiator on Jan 3, 2022.
             Mangled by a worm (9 damage)
             ... on level 2 of the Dungeon.
             The game lasted 00:01:08 (1188 turns).

GainsdalftheGwei the Ducker (Demonspawn Gladiator)  Turns: 1188, Time: 00:01:09

Health: -6/22      AC:  4    Str: 14    XL:     2   Next: 51%
Magic:  2/2        EV: 12    Int:  9    God:
Gold:   28         SH:  0    Dex: 14    Spells: 1/1 levels left

rFire   . . .      SeeInvis .   f - +0 war axe
rCold   . . .      Faith    .   (no shield)
rNeg    . . .      Spirit   .   b - +0 leather armour
rPois   .          Reflect  .   c - +0 helmet
rElec   .          Harm     .   (no cloak)
rCorr   .          Rampage  .   (no gloves)
Will    .....                   (no boots)
Stlth   +.........              (no amulet)
HPRegen 0.07/turn               (no ring)
MPRegen 0.08/turn               (no ring)

@: no status effects
A: claws 1
a: no special abilities


You were on level 2 of the Dungeon.
You visited 1 branch of the dungeon, and saw 2 of its levels.

You collected 28 gold pieces.

Inventory:

Hand Weapons
 a - a +0 long sword
 f - a +0 war axe (weapon)
Missiles
 d - 3 throwing nets (quivered)
Armour
 b - a +0 leather armour (worn)
 c - a +0 helmet (worn)
Scrolls
 e - a scroll of identify
 i - a scroll of amnesia {unknown}
Potions
 g - 2 potions of resistance
 h - a potion of curing {unknown}
 j - a potion of flight {unknown}


   Skills:
 + Level 2.0 Fighting
 + Level 3.0 Long Blades
 + Level 0.1 Axes
 + Level 1.8 Throwing
 + Level 0.4 Armour
 + Level 3.1 Dodging


You had one spell level left.
You didn't know any spells.
Your spell library was empty.

Dungeon Overview and Level Annotations

Branches:
Dungeon (2/15)

Altars:


Innate Abilities, Weirdness & Mutations

You have sharp fingernails.


Message History

It is a scroll of identify.
g - a potion of resistance
Found a stone staircase leading down.
Your surroundings suddenly seem different.
You now have 28 gold pieces (gained 6).
A goblin comes into view. It is wielding a +0 club.
A goblin is nearby!
You see here a scroll labelled IMUIPYJIKH.
The goblin shouts!
The goblin barely misses you.
You closely miss the goblin. The goblin barely misses you.
You slash the goblin!
You kill the goblin!
You see here a +0 club.
i - a scroll labelled IMUIPYJIKH
g - 2 potions of resistance (gained 1)
Found a stone staircase leading down.
j - a fizzy silvery potion
Found a stone staircase leading down.
A quokka and a worm come into view.
There are monsters nearby!
The quokka closely misses you.
You hit the quokka.
You kill the quokka!
Your Long Blades skill increases to level 3!
You see here a quokka corpse.
You hit the worm but do no damage. The worm bites you.
You hit the worm.
The worm is lightly wounded.
You barely miss the worm.
The worm is lightly wounded.
The worm bites you!
You barely miss the worm. The worm bites you.
* * * LOW HITPOINT WARNING * * *
You barely miss the worm. The worm bites you.
* * * LOW HITPOINT WARNING * * *
You slash the worm!
The worm is moderately wounded.
The worm bites you!
You die...

#..###
#..# #..#
#..#
#######..#
.........#
.#######.#
#.# #@#
#w# #.#
#.# #..
###


You could see a worm.

Vanquished Creatures
  A bat (D:1)
  2 endoplasms (D:1)
  2 giant cockroaches (D:1)
  2 goblins
  3 quokkas
  3 ball pythons (D:1)
  A frilled lizard (D:1)
  2 rats (D:1)
16 creatures vanquished.

Notes
Turn   | Place    | Note
-------+----------+-------------------------------------------
     0 | D:1      | GainsdalftheGwei the Demonspawn Gladiator began the quest
                  | for the Orb.
     0 | D:1      | Reached XP level 1. HP: 16/16 MP: 1/1
   591 | D:1      | Gained mutation: You have sharp fingernails. [demonic
                  | ancestry]
   591 | D:1      | Reached XP level 2. HP: 22/22 MP: 2/2
  1188 | D:2      | Mangled by a worm

Illustrated notes

Levels and vault maps discovered:
D:1:      onia_arrival_pentagram, layout_basic, solitary_fountain
D:2:      layout_loops_ring, basic_ecumenical_altar, kennysheep_doodads

Skill      XL: |  1  2 |
---------------+-------+-----
Dodging        | 3 |  3.1
Long Blades    | 3 |  3.0
Fighting       | |  2.0
Axes           | |  0.1
Throwing       | |  1.8
Armour         | |  0.4

Action                   || total
-------------------------++-------
Melee: War axe           ||    44
       Long sword        ||     5
  Use: Scroll            ||     2
Armor: Leather armour    ||    16
Dodge: Dodged            ||    36

Table legend: (Time is in decaauts)
 A = Elapsed time spent in this place.
 B = Non-inter-level travel time spent in this place.
 C = Inter-level travel time spent in this place.
 D = Time resting spent in this place.
 E = Time spent auto-exploring this place.
 F = Levels seen in this place.
 G = Mean time per level.
                   A        B        C        D        E       F      G
               +--------+--------+--------+--------+--------+-----+--------+
         Total |   1209 |   1136 |     73 |      0 |    969 |   2 |  604.5 |
       Dungeon |   1209 |   1136 |     73 |      0 |    969 |   2 |  604.5 |
               +--------+--------+--------+--------+--------+-----+--------+

Top non-repeatable levels by time:
     D:1: 1094 daAuts
     D:2: 115 daAuts
